 Dungeon Crawl Stone Soup version 0.30-b1-2-g02819fbbbe (webtiles) character file.

Game seed: 12541914105531850454

2205 Arzdou the Thaumaturge (level 9, -4/45 HPs)
             Began as a Deep Elf Earth Elementalist on May 9, 2023.
             Killed by divine providence
             ... invoked by an orc priest
              (12 damage)
             ... on level 6 of the Dungeon.
             The game lasted 00:14:17 (6178 turns).

Arzdou the Thaumaturge (DEEE)                       Turns: 6178, Time: 00:14:18

Health: -4/45      AC:  8    Str:  5    XL:     9   Next: 12%
Magic:  21/24      EV: 13    Int: 25    God:
Gold:   230        SH:  0    Dex: 15    Spells: 12/27 levels left

rFire   . . .        j - +2 dagger (speed)
rCold   . . .        (no shield)
rNeg    . . .        a - +0 robe
rPois   .            p - +0 helmet
rElec   .            q - +0 cloak
rCorr   .            (no gloves)
SInv    .            (no boots)
Will    .....        (no amulet)
Stlth   ++           g - +4 ring of protection
HPRegen 0.27/turn    r - ring of wizardry
MPRegen 0.19/turn

%: wizardry (x1)
@: no status effects
A: no striking features
a: no special abilities


You were on level 6 of the Dungeon.
You visited 2 branches of the dungeon, and saw 7 of its levels.
You also visited: Ossuary.

You collected 230 gold pieces.

Inventory:

Hand Weapons
 d - a +0 dagger
 j - a +2 dagger of speed (weapon)
Missiles
 C - a throwing net
Armour
 a - a +0 robe (worn)
 p - a +0 helmet (worn)
 q - a +0 cloak (worn)
Jewellery
 g - a +4 ring of protection (left hand)
 k - a ring of see invisible
 r - a ring of wizardry (right hand)
 t - a ring of flight
 y - a ring of wizardry
 D - a ring of protection from cold
Wands
 E - a wand of digging (4)
Scrolls
 e - 2 scrolls of amnesia
 h - 3 scrolls of identify
 i - 3 scrolls of teleportation
 l - a scroll of vulnerability {unknown}
 n - 2 scrolls of magic mapping
 w - 2 scrolls of silence
 z - 2 scrolls of blinking {unknown}
 A - 4 scrolls of fear
 B - a scroll of noise {unknown}
Potions
 c - 2 potions of haste
 f - 3 potions of lignification
 m - 2 potions of heal wounds
 o - a potion of resistance {unknown}
 s - 5 potions of curing
 u - a potion of mutation {unknown}
 v - 3 potions of might
 x - a potion of attraction {unknown}


   Skills:
 - Level 2.7 Dodging
 - Level 2.7 Stealth
 + Level 9.7 Spellcasting
 + Level 2.7 Conjurations
 - Level 1.4 Transmutations
 + Level 5.3 Fire Magic
 - Level 9.1 Earth Magic


You had 12 spell levels left.
You knew the following spells:

 Your Spells              Type           Power      Damage    Failure   Level
a - Sandblast             Erth           100%       2d20      1%          1
b - Stone Arrow           Conj/Erth      82%        3d12      1%          3
c - Starburst             Conj/Fire      16%        6d6       50%         6
d - Fireball              Conj/Fire      16%        3d8       11%         5

Your spell library contained the following spells:

 Spells                   Type           Power      Damage    Failure   Level
 Foxfire                  Conj/Fire      100%       2x1d9     1%          1
 Slow                     Hex            48%        N/A       1%          1
 Passwall                 Tmut/Erth      31%        N/A       1%          2
 Ignite Poison            Fire/Tmut/Pois 23%        N/A       2%          3
 Petrify                  Tmut/Erth      38%        N/A       2%          4
 Ensorcelled Hibernation  Hex/Ice        24%        N/A       3%          2
 Spider Form              Tmut/Pois      15%        N/A       4%          3
 Sticky Flame             Conj/Fire      32%        2d5       4%          4
 Confusing Touch          Hex            12%        N/A       6%          3
 Vampiric Draining        Necr           12%        2d6       6%          3
 Anguish                  Hex/Necr       6%         N/A       21%         4
 Plasma Beam              Fire/Air       12%        2x1d26    67%         6
 Ignition                 Fire           19%        3d7       100%        8


Dungeon Overview and Level Annotations

Branches:
Dungeon (6/15)             Temple (1/1) D:5         Ossuary (visited)

Altars:
Ashenzari
Cheibriados
Dithmenos
Elyvilon
Fedhas
Gozag
Hepliaklqana
Kikubaaqudgha
Makhleb
Okawaru
Qazlal
Ru
Sif Muna
Trog
Uskayaw
Xom
Yredelemnul
The Shining One


Message History

Aiming: Sandblast (safe; 1% risk of failure)
Press: ? - help, Shift-Dir - straight line, f - shadow imp
Aim: a shadow imp (84% to hit)
The blast of sand hits the shadow imp!
You kill the shadow imp!
The sentinel's mark upon you fades away.
The orc misses you. The orc hits you but does no damage.
An orc comes into view. It is wielding a +0 mace.
Casting: Sandblast (safe; 1% risk of failure)
Confirm with . or Enter, or press ? or * to list all spells.
Aiming: Sandblast (safe; 1% risk of failure)
Press: ? - help, Shift-Dir - straight line, f - orc
Aim: an orc, wielding a +0 club (85% to hit)
The blast of sand hits the orc!!
You kill the orc!
The orc closely misses you.
A sky beast appears from thin air!
Reactivating autopickup.
Casting: Sandblast (safe; 1% risk of failure)
Confirm with . or Enter, or press ? or * to list all spells.
Aiming: Sandblast (safe; 1% risk of failure)
Press: ? - help, Shift-Dir - straight line, f - orc priest
Aim: an orc priest, wielding a +0 hand axe and wearing a +0 scale mail (87% to hit)
The blast of sand hits the orc priest!
The orc priest is severely wounded.
The orc hits you but does no damage. The orc barely misses you.
The orc priest mumbles some strange prayers to Beogh against you.
Pain shoots through your body!
* * * LOW HITPOINT WARNING * * *
Casting: Sandblast (safe; 1% risk of failure)
Confirm with . or Enter, or press ? or * to list all spells.
Aiming: Sandblast (safe; 1% risk of failure)
Press: ? - help, Shift-Dir - straight line, f/p - orc priest
Aim: an orc priest, wielding a +0 hand axe and wearing a +0 scale mail (severely wounded, 87% to hit)
The blast of sand hits the orc priest!!
You kill the orc priest!
The orc priest seems to regain its courage.
The orc misses you.
The orc priest invokes the aid of Beogh against you.
Beogh smites you!
You die...

..# ..# #.# #h# #.# #.#
#.##########
#K###########Z#.........
#.oo.o.@oSWWoY..........
#.K##########o#.........
# .oZ#.........
#####.#.#.########
......#.#.# #..##.#.#'##
#..........#
#..........#
#..........#####


You could see a sky beast, a kobold brigand, 2 phantoms, an orc priest, an orc
wizard, an adder, 4 orcs, a water moccasin zombie and a kobold.

Vanquished Creatures
  Prince Ribbit (D:5)
  Sigmund (D:5)
  2 water moccasins
  An ogre (D:5)
  2 phantoms (D:6)
  8 scorpions
  A centaur zombie (Ossuary)
  A bullfrog zombie (D:6)
  4 human zombies (Ossuary)
  3 hounds
  A jelly (D:4)
  2 orc priests
  Crazy Yiuf (D:2)
  5 scorpion zombies (Ossuary)
  3 sleepcaps
  4 iguanas
  2 orc wizards
  Robin (D:2)
  3 mummies (Ossuary)
  4 adders
  A shadow imp (D:6)
  3 ufetubi
  2 worms
  5 dart slugs
  8 orcs
  4 bats
  9 endoplasms
  7 giant cockroaches
  9 goblins
  13 hobgoblins
  5 kobolds
  2 quokkas
  4 ball pythons
  2 frilled lizards
  3 goblin zombies (Ossuary)
  3 kobold zombies (Ossuary)
  2 orc zombies (Ossuary)
  6 rats
138 creatures vanquished.

Vanquished Creatures (others)
  2 plants (D:5)
2 creatures vanquished.

Grand Total: 140 creatures vanquished

Notes
Turn   | Place    | Note
-------+----------+-------------------------------------------
     0 | D:1      | Arzdou the Deep Elf Earth Elementalist began the quest for
                  | the Orb.
     0 | D:1      | Reached XP level 1. HP: 10/10 MP: 6/6
    64 | D:1      | Reached XP level 2. HP: 9/15 MP: 4/8
   449 | D:1      | Found a faded altar of an unknown god.
   565 | D:1      | Reached XP level 3. HP: 19/19 MP: 7/9
   788 | D:2      | Noticed Robin
  1461 | D:2      | Reached XP level 4. HP: 24/24 MP: 8/10
  1667 | D:2      | Killed Robin
  1668 | D:2      | Reached skill level 5 in Earth Magic
  1831 | D:2      | Found a runed translucent door.
  1832 | D:2      | Noticed Crazy Yiuf
  1839 | D:2      | Killed Crazy Yiuf
  1976 | D:3      | Learned a level 3 spell: Stone Arrow
  2249 | D:3      | Reached XP level 5. HP: 20/28 MP: 8/11
  2573 | D:4      | Found a sand-covered staircase.
  2578 | Ossuary  | Entered an ossuary
  2663 | Ossuary  | Reached XP level 6. HP: 13/32 MP: 0/12
  3167 | Ossuary  | Reached XP level 7. HP: 36/36 MP: 6/13
  3680 | Ossuary  | Reached skill level 5 in Spellcasting
  4420 | D:4      | Reached XP level 8. HP: 41/41 MP: 18/20
  4496 | D:4      | Found an ancient bone altar of Kikubaaqudgha.
  4650 | D:5      | Entered Level 5 of the Dungeon
  4727 | D:5      | Reached skill level 1 in Fire Magic
  5061 | D:5      | Found a staircase to the Ecumenical Temple.
  5065 | Temple   | Entered the Ecumenical Temple
  5677 | D:5      | Noticed Sigmund
  5683 | D:5      | Killed Sigmund
  5777 | D:5      | Noticed Prince Ribbit
  5780 | D:5      | Killed Prince Ribbit
  5781 | D:5      | Reached skill level 1 in Conjurations
  5881 | D:5      | Learned a level 6 spell: Starburst
  5887 | D:5      | Learned a level 5 spell: Fireball
  6164 | D:6      | Reached skill level 5 in Fire Magic
  6165 | D:6      | Reached XP level 9. HP: 40/45 MP: 8/24
  6178 | D:6      | Killed from afar by an orc priest

Illustrated notes

Levels and vault maps discovered:
D:1:      shiori_arrival_maze, layout_basic, dreamdust_ecumenical_altar_statues,
          minmay_split_cup_small
D:2:      layout_basic, uniq_robin, uniq_crazy_yiuf_cottage
D:3:      layout_rooms, corner_web_ring
D:4:      layout_loops_ring, overflow_temple_1_default,
          nicolae_ossuary_entry_false_entrances
D:5:      layout_basic, temple_hall_moat, serial_bayou, serial_bayou_pond_d,
          serial_bayou_shore_a, serial_bayou_pond_a, serial_bayou_crossing,
          kennysheep_generic_room_13, uniq_prince_ribbit1, uniq_sigmund
D:6:      layout_basic, serial_undead, serial_undead_c, serial_undead_d,
          serial_undead_d, serial_undead_a
Temple:   bh_familiar_temple

Skill      XL: |  1  2  3  4  5  6  7  8 |
---------------+-------------------------+-----
Earth Magic    | 4 5 7 8 9 |  9.1
Spellcasting   | 7 9 |  9.7
Fire Magic     | 5 |  5.3
Conjurations   | 2 |  2.7
Dodging        | |  2.7
Stealth        | |  2.7
Transmutations | |  1.4

Action                     |  1- 3 |  4- 6 |  7- 9 || total
---------------------------+-------+-------+-------++-------
  Melee: Unarmed           |     7 |       |       ||     7
         Dagger            |     2 |    13 |       ||    15
   Cast: Sandblast         |    55 |    67 |    66 ||   188
         Stone Arrow       |       |     7 |    35 ||    42
    Use: Scroll            |       |       |    11 ||    11
         Potion            |       |       |     1 ||     1
 Armour: Robe              |     7 |    13 |    14 ||    34
  Dodge: Dodged            |    18 |    26 |    32 ||    76
